[Event "Titled Tuesday Blitz November 14 Early 2023"]
[White "Mayaud, Raphael"]
[Black "Kuchava, Ana"]
[WhiteFideId "627151"]
[BlackFideId "13605348"]
[WhiteElo "2411"]
[BlackElo "2247"]
[Result "1-0"]
[Round "7"]
[TimeControl "180+1"]
[Date "2023.11.14"]
[WhiteClock "0:00:09"]
[BlackClock "0:00:00"]
[Board "156"]

1. d4 d5 2. Nf3 Nf6 3. c4 e6 4. g3 Bb4+ 5. Bd2 Be7 6. Qc2 O-O 7. Bg2 c6 8. O-O b6 9. Rd1 Ba6 10. b3 Nbd7 11. Bf4 Rc8 12. Nbd2 dxc4 13. Nxc4 c5 14. a4 cxd4 15. Nxd4 e5 16. Bxe5 Nxe5 17. Nc6 Nxc6 18. Rxd8 Rfxd8 19. Rd1 Nb4 20. Qb1 Bxc4 21. bxc4 Rxd1+ 22. Qxd1 Rxc4 23. h3 g6 24. Qb3 Rc1+ 25. Kh2 Kg7 26. g4 Rc2 27. Bf3 h6 28. Qb1 a5 29. Qa1 Kf8 30. Qe5 Rc5 31. Qb8+ Kg7 32. Qxb6 Re5 33. Qc7 1-0


[Site "https://www.chess.com"]

[Event "Titled Tuesday Blitz November 14 Early 2023"]
[White "Marcziter, Dmitrii"]
[Black "Skibbe, Willi"]
[WhiteFideId "13900765"]
[BlackFideId "4682190"]
[WhiteElo "2403"]
[BlackElo "2242"]
[Result "1-0"]
[Round "7"]
[TimeControl "180+1"]
[Date "2023.11.14"]
[WhiteClock "0:00:05"]
[BlackClock "0:00:00"]
[Board "157"]

1. d4 d5 2. c4 e6 3. Nc3 c6 4. cxd5 exd5 5. Qc2 Bd6 6. Nf3 Ne7 7. g3 Bf5 8. Qd1 O-O 9. Bg2 Nd7 10. O-O Nf6 11. Ne5 Ng6 12. f4 Ne4 13. Nxe4 Bxe4 14. Bxe4 dxe4 15. Be3 Ne7 16. Qb3 Bxe5 17. dxe5 Nd5 18. Bc5 Re8 19. Qxb7 Rb8 20. Qxc6 Re6 21. Bd6 Ne3 22. Rfc1 Rxb2 23. Qxe4 Rxe2 24. Qf3 Rg2+ 25. Kh1 Rh6 26. Qxg2 Nxg2 27. Kxg2 g5 28. Rab1 Rxd6 29. exd6 Qxd6 30. Rf1 Qd5+ 31. Kg1 Qxa2 32. fxg5 Qd5 33. h4 a5 34. Rf4 Qc5+ 35. Rf2 a4 36. Kg2 a3 37. Ra1 Qd5+ 38. Kh2 Qd4 39. Rfa2 Qe3 40. Rxa3 Qf2+ 41. Kh3 Qf5+ 42. Kg2 Qe4+ 43. Kf2 Qd4+ 44. Kf3 Qd5+ 45. Ke3 Qe5+ 46. Kf3 Qf5+ 47. Kg2 Qe4+ 48. Kh2 Qe2+ 49. Kg1 Kg7 50. Rf1 Qe5 51. Raf3 Kg8 52. Kg2 Qe2+ 53. R1f2 Qe4 54. Kh2 h6 55. gxh6 Kh7 56. Rxf7+ Kxh6 57. R2f6+ Kh5 58. Rf5+ Kh6 59. R7f6+ Kh7 60. Rf2 Qe3 61. R6f4 Qe5 62. Kh3 Qe6+ 63. Rf5 Kg6 64. Kh2 Qd6 65. h5+ Kh7 66. Rg5 Qd4 67. Rf7+ Kh8 68. Rff5 Kh7 69. Kh3 Qe4 70. Rf4 Qh1+ 71. Kg4 Qd1+ 72. Kf5 Qd3+ 73. Kg4 Qd7+ 74. Kh4 1-0


[Site "https://www.chess.com"]

[Event "Titled Tuesday Blitz November 14 Early 2023"]
[White "Limontaite, Simona"]
[Black "Ron_Weasley_Chess"]
[WhiteFideId "12802506"]
[WhiteElo "2241"]
[BlackElo "2395"]
[Result "0-1"]
[Round "7"]
[TimeControl "180+1"]
[Date "2023.11.14"]
[WhiteClock "0:00:14"]
[BlackClock "0:00:58"]
[Board "158"]

1. d4 Nf6 2. c4 c5 3. d5 b5 4. cxb5 a6 5. bxa6 g6 6. Nc3 Bg7 7. g3 O-O 8. Bg2 d6 9. Nf3 Nbd7 10. Rb1 Nb6 11. O-O Bxa6 12. b3 Bb7 13. Nh4 Nfd7 14. Bb2 Bxc3 15. Bxc3 Rxa2 16. Re1 Qa8 17. e4 Rb8 18. Bh3 Ba6 19. Ra1 Bb5 20. Qf3 Ne5 21. Bxe5 dxe5 22. Rac1 Qa3 23. Qc3 c4 24. Bf1 Qc5 25. Rc2 Ra3 26. Qf3 Qb4 27. Rb1 Rxb3 28. Rxb3 cxb3 29. Rc7 Bxf1 30. d6 Qxd6 0-1


[Site "https://www.chess.com"]

[Event "Titled Tuesday Blitz November 14 Early 2023"]
[White "UK_23"]
[Black "Silvestre, Christian"]
[BlackFideId "30956269"]
[WhiteElo "2394"]
[BlackElo "2239"]
[Result "1-0"]
[Round "7"]
[TimeControl "180+1"]
[Date "2023.11.14"]
[WhiteClock "0:00:10"]
[BlackClock "0:00:02"]
[Board "159"]

1. e4 c5 2. Nf3 d6 3. Bb5+ Bd7 4. Bxd7+ Nxd7 5. O-O Ngf6 6. Re1 g6 7. c4 Bg7 8. d4 O-O 9. Nc3 cxd4 10. Nxd4 a6 11. b3 Rc8 12. Bb2 Re8 13. Qd2 h5 14. Rad1 Qc7 15. f4 Qb8 16. Kh1 Bh6 17. Qe2 Bxf4 18. Rf1 Bh6 19. Nd5 Bg7 20. Rf3 Ne5 21. Rg3 Nxd5 22. exd5 b5 23. cxb5 axb5 24. Nxb5 Qb6 25. a4 Qa5 26. h3 Qb4 27. Rf1 Qh4 28. Re3 Rc5 29. Re4 Qg5 30. Bd4 Rc1 31. Rxc1 Qxc1+ 32. Kh2 Rc8 33. Bb2 Qb1 34. Nc3 Rxc3 35. Bxc3 Qxb3 36. Be1 Qxd5 37. Bh4 f5 38. Re3 Kf7 39. Bg3 Qd4 40. a5 Qc5 41. a6 Qb6 42. Ra3 Qa7 43. Bf2 Qa8 44. a7 Nc6 45. Qc4+ e6 46. Qxc6 Be5+ 47. g3 Qxc6 48. a8=Q Qf3 49. Ra7+ Kf6 50. Qd8# 1-0


[Site "https://www.chess.com"]

[Event "Titled Tuesday Blitz November 14 Early 2023"]
[White "Hoffmann, Asa"]
[Black "Valy02chess"]
[WhiteFideId "2001470"]
[WhiteElo "2382"]
[BlackElo "2220"]
[Result "1-0"]
[Round "7"]
[TimeControl "180+1"]
[Date "2023.11.14"]
[WhiteClock "0:00:46"]
[BlackClock "0:01:06"]
[Board "160"]

1. d4 Nf6 2. Bg5 c5 3. d5 Qb6 4. Nc3 Qxb2 5. Bd2 Qb6 6. e4 a6 7. f4 d6 8. e5 Bg4 9. Be2 Bxe2 10. Qxe2 Nfd7 11. e6 fxe6 12. dxe6 Nf6 13. Nf3 Nc6 14. Rb1 Qc7 15. O-O g6 16. f5 gxf5 17. Qd3 Bg7 18. Qxf5 O-O-O 19. Ng5 Nd4 20. Qd3 Ng4 21. Nd5 c4 22. Qg3 Qc5 23. Nxe7+ Kb8 24. Qxg4 Nb3+ 25. Kh1 Nxd2 26. Ne4 Qd4 27. Nc6+ Kc7 28. Nxd4 Nxf1 29. Qxg7+ 1-0


[Site "https://www.chess.com"]

[Event "Titled Tuesday Blitz November 14 Early 2023"]
[White "thisjuan"]
[Black "Skaric, Djuro"]
[BlackFideId "934569"]
[WhiteElo "2192"]
[BlackElo "2372"]
[Result "1/2-1/2"]
[Round "7"]
[TimeControl "180+1"]
[Date "2023.11.14"]
[WhiteClock "0:00:20"]
[BlackClock "0:01:05"]
[Board "161"]

1. c4 d6 2. g3 g6 3. Bg2 Bg7 4. Nf3 Nf6 5. O-O O-O 6. d4 Nc6 7. Nc3 h6 8. h3 e5 9. dxe5 dxe5 10. Qa4 Nd7 11. Be3 f5 12. Rad1 e4 13. Nd4 Qf6 14. Nxc6 bxc6 15. Bd4 Qe6 16. Bxg7 Kxg7 17. e3 a5 18. Ne2 Nc5 19. Qc2 Ba6 20. b3 Qf6 21. Nf4 Rfd8 22. a3 Kf7 23. b4 axb4 24. axb4 Ne6 25. Nxe6 Qxe6 26. b5 cxb5 27. cxb5 Bxb5 28. Qxc7+ Rd7 29. Rxd7+ Qxd7 30. Rc1 Qxc7 31. Rxc7+ Ke6 32. Rb7 Ra1+ 33. Kh2 Bd3 34. Rb6+ Kf7 35. Rb7+ Kf6 36. Rb6+ Kg5 37. g4 Bf1 38. Kg3 h5 39. h4+ Kh6 40. g5+ Kg7 41. Rb7+ Kf8 42. Rb6 Kf7 43. Rb7+ Kf8 44. Rb6 Kf7 45. Rb7+ Ke6 46. Rb6+ Ke5 47. Rxg6 Bxg2 48. Kxg2 f4 49. exf4+ Kxf4 50. Rf6+ Kg4 51. g6 Ra8 52. g7 Rg8 53. Rg6+ Kf4 54. Kh3 Kf3 55. Rf6+ Ke2 56. Rf7 e3 57. fxe3 Kxe3 58. Kg3 Ke4 59. Kf2 Ke5 60. Kf3 Ke6 61. Rb7 Kf5 62. Rb5+ Kg6 63. Rg5+ Kh6 64. Kf4 Rxg7 65. Rxg7 Kxg7 66. Kg5 Kh7 67. Kxh5 Kg7 68. Kg5 Kh7 69. h5 Kg7 70. h6+ Kh7 71. Kh5 Kg8 72. Kg6 Kh8 73. h7 1/2-1/2


[Site "https://www.chess.com"]

[Event "Titled Tuesday Blitz November 14 Early 2023"]
[White "Matveeva, Olga"]
[Black "Ismayilova, Khanim"]
[WhiteFideId "24107018"]
[BlackFideId "13429019"]
[WhiteElo "2371"]
[BlackElo "2165"]
[Result "1-0"]
[Round "7"]
[TimeControl "180+1"]
[Date "2023.11.14"]
[WhiteClock "0:00:16"]
[BlackClock "0:00:11"]
[Board "162"]

1. d4 d5 2. c4 e6 3. Nf3 Nf6 4. g3 Bb4+ 5. Bd2 Be7 6. Bg2 O-O 7. O-O b6 8. cxd5 exd5 9. Ne5 Bb7 10. Qa4 c5 11. dxc5 bxc5 12. Rd1 Nbd7 13. Nxd7 Qxd7 14. Qxd7 Nxd7 15. Nc3 Nf6 16. Bg5 Rad8 17. Rab1 Rd6 18. Bxf6 Bxf6 19. Nxd5 Bxd5 20. Bxd5 Rfd8 21. e4 Bd4 22. Kg2 Rf6 23. f3 Rb8 24. b4 Rc8 25. bxc5 Bxc5 26. Rb7 Rf8 27. Rc1 Bb6 28. f4 h6 29. e5 Rg6 30. Rxf7 Rd8 31. Rf6+ Kh7 32. Rxg6 Kxg6 33. Be4+ Kf7 34. Rc2 Rd4 35. Kf3 Ke6 36. Rc6+ Ke7 37. f5 Ra4 38. Rc2 Ra3+ 39. Kf4 Be3+ 40. Kg4 Bb6 41. Kh5 Re3 42. Rc4 Re2 43. Kg6 Rxh2 44. f6+ gxf6 45. exf6+ Ke6 46. Bf5+ Ke5 47. f7 Rg2 48. f8=Q Rxg3+ 49. Rg4 Rxg4+ 50. Bxg4 Kd4 51. Qd6+ Kc3 52. Bf5 Kb2 53. Qd5 Ka3 54. Qb3# 1-0


[Site "https://www.chess.com"]

[Event "Titled Tuesday Blitz November 14 Early 2023"]
[White "Politov, Pavel Y."]
[Black "Dmitrenko, Viktor"]
[WhiteFideId "24110515"]
[BlackFideId "14110270"]
[WhiteElo "2112"]
[BlackElo "2367"]
[Result "0-1"]
[Round "7"]
[TimeControl "180+1"]
[Date "2023.11.14"]
[WhiteClock "0:00:29"]
[BlackClock "0:00:48"]
[Board "163"]

1. d4 d5 2. c4 e6 3. Nc3 a6 4. e3 Nf6 5. Nf3 dxc4 6. Bxc4 c5 7. O-O b5 8. Be2 Bb7 9. dxc5 Bxc5 10. Qxd8+ Kxd8 11. Ne5 Ke7 12. Bf3 Bxf3 13. Nxf3 Nc6 14. b3 Rhd8 15. Bb2 Rd7 16. Rac1 Bd6 17. Nxb5 axb5 18. Rxc6 Rxa2 19. Bxf6+ Kxf6 20. Nd4 b4 21. g3 Be5 22. Nc2 Bc3 23. Rc1 Rd2 24. Ne1 Rxf2 25. R1xc3 bxc3 26. Rxc3 Rfe2 27. Rc1 Rxe3 28. Rb1 Ree2 29. b4 Reb2 30. Rxb2 Rxb2 31. Nd3 Rb3 32. Nc5 Rxb4 33. Nd7+ Kf5 34. Nc5 h5 35. Nd3 Rd4 36. Nf2 g5 37. Kg2 e5 38. Kf3 Rd2 39. Ke3 Rxf2 40. Kxf2 Kg4 41. Ke3 Kh3 42. Ke4 Kxh2 43. Kxe5 Kxg3 44. Kf5 h4 45. Kxg5 h3 46. Kf6 h2 47. Kxf7 h1=Q 48. Kf6 Qd5 49. Kg6 Qe5 50. Kf7 Qd6 51. Kg8 Qe7 52. Kh8 Kg4 53. Kg8 Kg5 54. Kh8 Kg6 55. Kg8 Qg7# 0-1


[Site "https://www.chess.com"]

[Event "Titled Tuesday Blitz November 14 Early 2023"]
[White "Mestnikov, Aisen"]
[Black "Thake, Conrad"]
[WhiteFideId "34130117"]
[BlackFideId "5602947"]
[WhiteElo "2365"]
[BlackElo "1900"]
[Result "1-0"]
[Round "7"]
[TimeControl "180+1"]
[Date "2023.11.14"]
[WhiteClock "0:00:15"]
[BlackClock "0:00:00"]
[Board "164"]

1. d4 d5 2. Nf3 c6 3. c4 Nf6 4. Nc3 e6 5. g3 Be7 6. Bg2 O-O 7. O-O Nbd7 8. Qc2 a5 9. Rd1 h6 10. e4 dxe4 11. Nxe4 Nxe4 12. Qxe4 Nf6 13. Qc2 a4 14. Bf4 Qa5 15. Ne5 Nd7 16. Nd3 Bf6 17. Nc5 Nxc5 18. dxc5 Qb4 19. Rab1 Qxc5 20. Bd6 Qb6 21. Bxf8 Kxf8 22. Qd2 Qc7 23. Qd6+ Qxd6 24. Rxd6 Ke7 25. Rd2 Ra5 26. b4 axb3 27. axb3 Bc3 28. Rd3 Bb4 29. h3 e5 30. Re3 f6 31. Be4 Bc5 32. b4 Bxe3 33. bxa5 Bd2 34. a6 bxa6 35. Bxc6 Bxh3 36. Rb7+ Kd6 37. Bd5 a5 38. Rxg7 Bd7 39. Rf7 Bg5 40. Rf8 a4 41. Ra8 h5 42. Ra7 h4 43. Be4 f5 44. c5+ Kxc5 45. Rxd7 fxe4 46. Ra7 Kb4 47. Rg7 Bd8 48. Rg4 hxg3 49. Rxe4+ Kb3 50. fxg3 a3 51. Re3+ Kb2 52. Re2+ Kb1 53. Re1+ Kb2 54. Re2+ Kb1 55. Rd2 a2 56. Rxd8 a1=Q 57. Rd1+ Kb2 58. Rxa1 Kxa1 59. g4 Kb2 60. g5 e4 61. g6 e3 62. g7 1-0


[Site "https://www.chess.com"]

[Event "Titled Tuesday Blitz November 14 Early 2023"]
[White "Friedland, Moshe"]
[Black "Samarth J Rao"]
[WhiteFideId "2812843"]
[BlackFideId "46652370"]
[WhiteElo "2361"]
[BlackElo "2059"]
[Result "0-1"]
[Round "7"]
[TimeControl "180+1"]
[Date "2023.11.14"]
[WhiteClock "0:00:00"]
[BlackClock "0:00:04"]
[Board "165"]

1. e4 d5 2. exd5 Qxd5 3. Nc3 Qd6 4. d4 Nf6 5. Nf3 Bg4 6. h3 Bxf3 7. Qxf3 Nc6 8. Nb5 Qe6+ 9. Be2 O-O-O 10. c3 a6 11. Na3 Qe4 12. Qxe4 Nxe4 13. Bf3 f5 14. Bf4 e6 15. Nc4 b5 16. Bxe4 fxe4 17. Ne5 Nxe5 18. Bxe5 c5 19. dxc5 Rd5 20. Bd4 e5 21. Be3 Bxc5 22. Bxc5 Rxc5 23. Ke2 Rd8 24. Rhd1 a5 25. Rxd8+ Kxd8 26. Rd1+ Ke7 27. Ke3 b4 28. cxb4 axb4 29. Rd2 Rc4 30. b3 Rc3+ 31. Kxe4 Ke6 32. Rd5 Rc2 33. Rxe5+ Kf6 34. Rf5+ Ke6 35. Rb5 Rxf2 36. Rb6+ Kf7 37. Rxb4 Rxa2 38. g3 Rf2 39. Rb5 Re2+ 40. Kf4 h6 41. Rf5+ Kg6 42. Re5 Rf2+ 43. Kg4 Kf6 44. Re3 Rc2 45. Kf4 Rf2+ 46. Ke4 Ke6 47. Kd4+ Kd6 48. b4 Rh2 49. h4 g5 50. hxg5 hxg5 51. b5 Rb2 52. Kc4 Rc2+ 53. Rc3 Rb2 54. Rb3 Rc2+ 55. Kd4 Rd2+ 56. Ke4 Kc7 57. b6+ Kb7 58. Kf5 Rd5+ 59. Ke6 Rc5 60. Rf3 Kxb6 61. Rf5 Rc6+ 62. Kf7 g4 63. Rf4 Rc7+ 64. Kf6 Rc6+ 65. Kg5 Kc7 66. Rd4 Kc8 67. Kxg4 Rg6+ 68. Kf4 Kc7 69. g4 Kc6 70. g5 Rg8 71. Kf5 Kc5 72. Rd7 Rf8+ 73. Kg6 Kc6 0-1


[Site "https://www.chess.com"]

[Event "Titled Tuesday Blitz November 14 Early 2023"]
[White "Sharafiev, Azat"]
[Black "parintele_chess"]
[WhiteFideId "4186214"]
[WhiteElo "2343"]
[BlackElo "2234"]
[Result "1-0"]
[Round "7"]
[TimeControl "180+1"]
[Date "2023.11.14"]
[WhiteClock "0:01:11"]
[BlackClock "0:00:00"]
[Board "166"]

1. e4 e5 2. Nf3 Nc6 3. Bb5 a6 4. Ba4 Nf6 5. O-O Be7 6. c3 Nxe4 7. Re1 Nc5 8. Bxc6 dxc6 9. Nxe5 O-O 10. d4 Nd7 11. Nxd7 Bxd7 12. Bf4 Bd6 13. Bxd6 cxd6 14. Nd2 Bf5 15. Qf3 Qf6 16. h3 Rae8 17. a4 Qg6 18. a5 f6 19. Nf1 d5 20. Ng3 Bc8 21. Qf4 Rxe1+ 22. Rxe1 Re8 23. Rxe8+ Qxe8 24. Qc7 Qd7 25. Qb6 Kf7 26. Qc5 Qe7 27. Qb6 Qd7 28. b3 Qe6 29. c4 Ke7 30. Qc7+ Qd7 31. Qf4 Kf7 32. Kh2 Qd8 33. Qh4 Kg8 34. Qf4 Kf7 35. Nf1 Qxa5 36. Ne3 dxc4 37. bxc4 Be6 38. Qd6 b5 39. d5 cxd5 40. cxd5 Bc8 41. Qc5 Qd8 42. d6 Qd7 43. Qh5+ Kg8 44. Qd5+ Kf8 45. Qc5 a5 46. Kg1 a4 47. Nd5 1-0


[Site "https://www.chess.com"]

[Event "Titled Tuesday Blitz November 14 Early 2023"]
[White "Pasmendjambvirgulptipon98"]
[Black "KatakuriDono"]
[WhiteElo "2224"]
[BlackElo "2342"]
[Result "0-1"]
[Round "7"]
[TimeControl "180+1"]
[Date "2023.11.14"]
[WhiteClock "0:00:07"]
[BlackClock "0:00:17"]
[Board "167"]

1. d4 d5 2. Nf3 Nf6 3. Bf4 c5 4. e3 Nc6 5. c3 e6 6. Nbd2 cxd4 7. exd4 Nh5 8. Bg3 Nxg3 9. hxg3 Bd6 10. Bd3 h6 11. Qe2 a6 12. Ne5 Nxe5 13. dxe5 Be7 14. Qg4 Bf8 15. Nb3 b5 16. Nd4 Bd7 17. f4 b4 18. O-O h5 19. Qf3 Bc5 20. f5 Qg5 21. Rae1 h4 22. g4 bxc3 23. bxc3 Rb8 24. Kh1 Bxd4 25. cxd4 h3 26. gxh3 Rc8 27. Bxa6 Rc2 28. fxe6 Bxe6 29. Bb5+ Kf8 30. Qa3+ Kg8 31. Qa8+ Rc8 32. Qa3 Qxg4 33. Rg1 Rxh3+ 0-1


[Site "https://www.chess.com"]

[Event "Titled Tuesday Blitz November 14 Early 2023"]
[White "VitaliyChayka"]
[Black "Kornyukov, Alexey"]
[BlackFideId "4150457"]
[WhiteElo "2228"]
[BlackElo "2338"]
[Result "1-0"]
[Round "7"]
[TimeControl "180+1"]
[Date "2023.11.14"]
[WhiteClock "0:01:34"]
[BlackClock "0:00:10"]
[Board "168"]

1. d4 d5 2. Bf4 Nf6 3. e3 e6 4. Nf3 Bd6 5. Bg3 Bxg3 6. hxg3 Nbd7 7. Nbd2 O-O 8. Bd3 c5 9. c3 c4 10. Bc2 Qb6 11. Rb1 Qa6 12. g4 g6 13. a3 Nxg4 14. e4 dxe4 15. Nxe4 f5 16. Neg5 Ndf6 17. Qe2 h5 18. Kd2 Nd5 19. g3 Bd7 20. Rbe1 Rae8 21. Ne5 Nxe5 22. Qxe5 Qb6 23. Kc1 Qc7 24. Qe2 b5 25. f3 a5 26. Qd2 Qxg3 27. Nh3 Qxf3 28. Bd1 Qd3 29. Qh6 Rf6 30. Rhg1 Ne7 31. Nf4 Qe4 32. Rxe4 fxe4 33. Nxh5 Rf5 34. Rxg6+ Nxg6 35. Qxg6+ Kf8 36. Qg7# 1-0


[Site "https://www.chess.com"]

[Event "Titled Tuesday Blitz November 14 Early 2023"]
[White "Babayeva, Nasrin"]
[Black "Cardozo Munar, Carlos Eduardo"]
[WhiteFideId "13416626"]
[BlackFideId "4409477"]
[WhiteElo "1831"]
[BlackElo "2271"]
[Result "0-1"]
[Round "7"]
[TimeControl "180+1"]
[Date "2023.11.14"]
[WhiteClock "0:00:50"]
[BlackClock "0:01:29"]
[Board "169"]

1. e4 e6 2. Qe2 d5 3. exd5 Qxd5 4. Nc3 Qd8 5. f4 Nf6 6. Nf3 Be7 7. d4 O-O 8. Bd2 c5 9. dxc5 Bxc5 10. O-O-O Qc7 11. Nb5 Qb6 12. Bc3 Nbd7 13. Be5 Nd5 14. Nbd4 f6 0-1


[Site "https://www.chess.com"]

[Event "Titled Tuesday Blitz November 14 Early 2023"]
[White "dumbernugget"]
[Black "Perez Rodriguez, Luis Manuel"]
[BlackFideId "3503364"]
[WhiteElo "1946"]
[BlackElo "2572"]
[Result "0-1"]
[Round "7"]
[TimeControl "180+1"]
[Date "2023.11.14"]
[WhiteClock "0:00:14"]
[BlackClock "0:00:42"]
[Board "170"]

1. d4 d5 2. c4 c6 3. cxd5 cxd5 4. Nc3 Nf6 5. Bf4 Nc6 6. e3 a6 7. Nf3 Bg4 8. Be2 Bxf3 9. Bxf3 e6 10. O-O Bd6 11. Bxd6 Qxd6 12. Rc1 O-O 13. Na4 e5 14. dxe5 Nxe5 15. Be2 Rac8 16. Qb3 b5 17. Nc3 d4 18. Rcd1 d3 19. Rfe1 Rfd8 20. f4 d2 21. Rf1 Neg4 22. Bxg4 Nxg4 23. Ne4 Qb6 24. Rxd2 Nxe3 25. Rxd8+ Rxd8 26. Rc1 Nd1+ 27. Kh1 Qd4 28. Qf3 h6 29. Ng3 Nf2+ 30. Kg1 Nd3+ 31. Kh1 Nxc1 0-1


[Site "https://www.chess.com"]

[Event "Titled Tuesday Blitz November 14 Early 2023"]
[White "Iskusnyh, Sergei"]
[Black "Semenova, Alina"]
[WhiteFideId "4120027"]
[BlackFideId "24113875"]
[WhiteElo "2528"]
[BlackElo "2172"]
[Result "1-0"]
[Round "7"]
[TimeControl "180+1"]
[Date "2023.11.14"]
[WhiteClock "0:01:47"]
[BlackClock "0:00:12"]
[Board "171"]

1. d4 Nf6 2. c4 e6 3. g3 d5 4. Bg2 Be7 5. Nf3 O-O 6. Qc2 c6 7. O-O Nbd7 8. Rd1 b6 9. b3 Bb7 10. Nc3 Rc8 11. e4 dxe4 12. Nxe4 Nxe4 13. Qxe4 Nf6 14. Qc2 Qe8 15. Ne5 Nd7 16. Nd3 Bf6 17. Bb2 Rc7 18. c5 Ba6 19. Ne5 Bxe5 20. dxe5 Qc8 21. b4 Rd8 22. Rd6 Nf8 23. Rad1 Rxd6 24. cxd6 Rd7 25. Qxc6 Qxc6 26. Bxc6 Rd8 27. d7 Ng6 28. b5 1-0


[Site "https://www.chess.com"]

[Event "Titled Tuesday Blitz November 14 Early 2023"]
[White "Alimpic, Aleksa"]
[Black "Feliz Dotel, Dewar Bienvenido"]
[WhiteFideId "974323"]
[BlackFideId "6402801"]
[WhiteElo "2507"]
[BlackElo "2154"]
[Result "1-0"]
[Round "7"]
[TimeControl "180+1"]
[Date "2023.11.14"]
[WhiteClock "0:00:31"]
[BlackClock "0:00:00"]
[Board "172"]

1. d4 d5 2. Nf3 e6 3. g3 c5 4. Bg2 Nc6 5. O-O Nf6 6. c4 cxd4 7. Nxd4 Be7 8. Nc3 O-O 9. cxd5 exd5 10. Bg5 Nxd4 11. Qxd4 Be6 12. Rfd1 Re8 13. Qd2 Qb6 14. Bxf6 Bxf6 15. Nxd5 Bxd5 16. Bxd5 Qxb2 17. Rab1 Qxd2 18. Rxd2 Rab8 19. Rxb7 Rxb7 20. Bxb7 h6 21. e4 Re7 22. Bd5 Rc7 23. h4 Bc3 24. Rd3 Ba5 25. h5 Bb6 26. Rd2 Kf8 27. Kg2 Ke7 28. f4 g6 29. hxg6 fxg6 30. Bb3 Be3 31. Rd3 Bb6 32. Kf3 Ba5 33. Rd5 Rc3+ 34. Kg2 Bb6 35. Re5+ Kf8 36. Re6 g5 37. Rxh6 gxf4 38. gxf4 Bc7 39. e5 1-0


[Site "https://www.chess.com"]

[Event "Titled Tuesday Blitz November 14 Early 2023"]
[White "Balla, Tamas-Kristof"]
[Black "Hartikainen, Jarmo"]
[WhiteFideId "1208497"]
[BlackFideId "503134"]
[WhiteElo "2409"]
[BlackElo "2152"]
[Result "1-0"]
[Round "7"]
[TimeControl "180+1"]
[Date "2023.11.14"]
[WhiteClock "0:00:47"]
[BlackClock "0:00:14"]
[Board "173"]

1. e4 e5 2. Nf3 Nf6 3. Nxe5 d6 4. Nf3 Nxe4 5. Nc3 d5 6. Qe2 Be7 7. Nxe4 dxe4 8. Qxe4 O-O 9. Bd3 f5 10. Qc4+ Kh8 11. O-O Bf6 12. Rb1 Nc6 13. Re1 Re8 14. Rxe8+ Qxe8 15. b3 Be6 16. Qf4 Qh5 17. Bb2 Bxb2 18. Rxb2 Re8 19. Rb1 Bd5 20. Nd4 Qg6 21. g3 Nxd4 22. Qxd4 c6 23. Qf4 Qe6 24. c4 Qe1+ 25. Rxe1 Rxe1+ 26. Bf1 Be4 27. Qb8# 1-0


[Site "https://www.chess.com"]

[Event "Titled Tuesday Blitz November 14 Early 2023"]
[White "Todev, Simeon"]
[Black "missponyo10"]
[WhiteFideId "2925133"]
[WhiteElo "2354"]
[BlackElo "2138"]
[Result "1-0"]
[Round "7"]
[TimeControl "180+1"]
[Date "2023.11.14"]
[WhiteClock "0:00:09"]
[BlackClock "0:00:48"]
[Board "174"]

1. e4 c5 2. Nf3 d6 3. c3 Nf6 4. Bd3 Nc6 5. Bc2 g6 6. O-O Bg7 7. Re1 Qc7 8. d4 cxd4 9. cxd4 O-O 10. Nc3 Bg4 11. Be3 a6 12. h3 Bxf3 13. Qxf3 b5 14. Rac1 Qd7 15. a3 Rac8 16. Red1 Na5 17. e5 Ne8 18. Nd5 Nc4 19. Bg5 f6 20. e6 Qd8 21. Bf4 Nc7 22. b3 Nxd5 23. Qxd5 Nb6 24. Qf3 g5 25. Be3 h6 26. Qf5 Re8 27. Qh7+ Kf8 28. Bg6 Rxc1 29. Bf7 Rxd1+ 30. Kh2 Rh1+ 31. Kxh1 Qc7 32. Qg8# 1-0


[Site "https://www.chess.com"]

[Event "Titled Tuesday Blitz November 14 Early 2023"]
[White "Dahlgren, James Allen"]
[Black "Manon-og, Ramon Jr."]
[WhiteFideId "22256873"]
[BlackFideId "5200776"]
[WhiteElo "2130"]
[BlackElo "2334"]
[Result "1-0"]
[Round "7"]
[TimeControl "180+1"]
[Date "2023.11.14"]
[WhiteClock "0:02:10"]
[BlackClock "0:02:13"]
[Board "175"]

1. d3 Nf6 2. f4 g6 3. Nf3 d5 4. g3 Bg7 5. Bg2 O-O 6. O-O d4 7. e4 dxe3 8. Bxe3 Ng4 9. Bc1 Bd4+ 10. Nxd4 Qxd4+ 11. Kh1 Nf2+ 12. Rxf2 Qxf2 13. Nc3 c6 14. Ne4 Qd4 15. Bd2 Qxb2 16. Bc3 Qxc2 17. Qxc2 1-0


[Site "https://www.chess.com"]

[Event "Titled Tuesday Blitz November 14 Early 2023"]
[White "Fernandez Siles, Luis"]
[Black "DonCiao"]
[WhiteFideId "2209420"]
[WhiteElo "2324"]
[BlackElo "2121"]
[Result "1-0"]
[Round "7"]
[TimeControl "180+1"]
[Date "2023.11.14"]
[WhiteClock "0:00:16"]
[BlackClock "0:00:00"]
[Board "176"]

1. d4 Nf6 2. c4 g6 3. Nc3 d5 4. cxd5 Nxd5 5. Bd2 Bg7 6. e4 Nxc3 7. Bxc3 O-O 8. Qd2 c5 9. d5 e6 10. d6 Bxc3 11. bxc3 e5 12. Nf3 Nd7 13. h4 h5 14. Bc4 Nb6 15. Nxe5 Nxc4 16. Nxc4 Be6 17. Ne3 Qf6 18. g3 Rad8 19. O-O-O b5 20. f4 b4 21. e5 Qg7 22. c4 f6 23. Qb2 fxe5 24. Qxe5 Qxe5 25. fxe5 Rf3 26. Nd5 Rxg3 27. Rhg1 Rxg1 28. Rxg1 Kg7 29. Nf4 Bg4 30. Kd2 Rf8 31. Ke3 Re8 32. Ke4 a5 33. Kd5 a4 34. e6 Bf3+ 35. Ke5 Bg4 36. d7 1-0


[Site "https://www.chess.com"]

[Event "Titled Tuesday Blitz November 14 Early 2023"]
[White "Larina, Maria"]
[Black "Fernandez Hernandez, Gerardo"]
[WhiteFideId "24113182"]
[BlackFideId "2207400"]
[WhiteElo "2281"]
[BlackElo "2119"]
[Result "1-0"]
[Round "7"]
[TimeControl "180+1"]
[Date "2023.11.14"]
[WhiteClock "0:00:04"]
[BlackClock "0:00:03"]
[Board "177"]

1. e4 e6 2. Nf3 d5 3. e5 c5 4. b4 cxb4 5. a3 Nc6 6. d4 Bd7 7. Bd3 a5 8. O-O Nge7 9. c3 bxc3 10. Nxc3 Na7 11. a4 Nec6 12. Be3 Be7 13. Bb1 Nb4 14. h3 h6 15. Nd2 Qc7 16. Ne2 b5 17. axb5 Nxb5 18. Qb3 Qb6 19. Nf3 Nc7 20. Rc1 Bb5 21. Nc3 Bc4 22. Qd1 O-O 23. Na4 Qc6 24. Bd2 Qd7 25. Nh2 Qb5 26. Nc3 Qd7 27. f4 g6 28. g4 Nd3 29. Bxd3 Bxd3 30. Be3 Be4 31. Nxe4 dxe4 32. Qc2 Nd5 33. Qxe4 Nxe3 34. Qxe3 Rfd8 35. Rd1 a4 36. Nf3 a3 37. f5 exf5 38. gxf5 Qxf5 39. Rf1 Qxh3 40. Kf2 Qf5 41. Qxh6 a2 42. Rh1 Qc2+ 43. Kg3 f5 44. Qxg6+ Kf8 45. Rh8# 1-0


[Site "https://www.chess.com"]

[Event "Titled Tuesday Blitz November 14 Early 2023"]
[White "LeoWin2012"]
[Black "Smirnov, Timofey"]
[BlackFideId "24176427"]
[WhiteElo "2279"]
[BlackElo "2091"]
[Result "1-0"]
[Round "7"]
[TimeControl "180+1"]
[Date "2023.11.14"]
[WhiteClock "0:01:31"]
[BlackClock "0:00:42"]
[Board "178"]

1. e4 e5 2. Nf3 Nf6 3. d4 Nxe4 4. Nxe5 d6 5. Nf3 d5 6. Bd3 Nc6 7. c3 Be7 8. O-O Bg4 9. h3 Bh5 10. Re1 f5 11. Bf4 g5 12. Bh2 g4 13. Ne5 Nxe5 14. Bxe5 Rg8 15. hxg4 Bxg4 16. f3 Bh4 17. g3 Bxf3 18. Qxf3 Bxg3 19. Bxg3 Rxg3+ 20. Qxg3 Qf6 21. Bxe4 fxe4 22. Qe5+ Qxe5 23. dxe5 1-0


[Site "https://www.chess.com"]